AoeStats
← L0has

Arabia

509629536Analyzed
1v1 RM · 5d ago on Sep 27, 2026· 40m 13s· 2 players
Game mode
Random Map
Map size
Tiny (2 player)
Population
200
Speed
Normal
Resources
Standard
Victory
Conquest
Starting age
Dark Age
Ending age
Imperial Age
RankedLock teamsTeams togetherTeam positionsShared explorationLock speedFull tech treeHidden civsTurbo modeCheats
Victory
Defeat
🇦🇷 Persians · Argentina
1836
+13
🇩🇪 Bulgarians · Germany
1774
-13
L0has
4:15 Loom
9:31 Feudal Age
10:16 Double-Bit Axe
14:28 Fletching
16:00 Padded Archer Armor
24:28 Castle Age
25:28 Horse Collar
25:59 Bow Saw
26:27 Wheelbarrow
26:04 Town Watch
26:44 Bodkin Arrow
28:25 Scale Mail Armor
28:47 Squires
31:31 Heavy Plow
35:20 Imperial Age
33:29 Stone Mining
33:30 Gold Mining
33:51 Devotion
35:19 Forging
35:24 Chain Mail Armor
34:40 Pikeman
36:30 Iron Casting
37:05 Plate Mail Armor
37:42 Ballistics
38:41 Halberdier
atamispeed754
6:24 Loom
8:53 Feudal Age
9:16 Double-Bit Axe
11:25 Fletching
16:48 Wheelbarrow
20:53 Castle Age
19:18 Horse Collar
20:16 Gold Mining
20:41 Crossbowman
21:16 Bodkin Arrow
21:33 Bow Saw
25:28 Hand Cart
27:51 Husbandry
29:19 Gold Shaft Mining
30:33 Stone Mining
30:50 Scale Barding Armor
30:55 Forging
30:56 Bloodlines
30:11 Light Cavalry
34:06 Imperial Age
32:29 Bloodlines
33:02 Stone Shaft Mining
32:45 Heavy Plow
33:07 Chain Barding Armor
34:01 Town Watch
33:44 Cavalier
35:08 Plate Barding Armor
35:43 Chemistry
35:39 Iron Casting
35:15 Savar
38:44 Two-Man Saw
39:32 Blast Furnace
38:56 Padded Archer Armor
Connection lost

Rejoining the realm…

Still unreachable

The connection could not be restored.

Session expired

The server has moved on; the page needs a fresh start.